 Dungeon Crawl Stone Soup version 0.30.1 (webtiles) character file.

Game seed: 16607444879660178693

194 Graphine the Shooter (level 6, -8/37 HPs)
             Began as a Kobold Hunter on July 9, 2023.
             Mangled by Blork the orc
             ... wielding a +2 heavy long sword
              (12 damage)
             ... on level 4 of the Dungeon.
             The game lasted 00:05:14 (2896 turns).

Graphine the Shooter (Kobold Hunter)                Turns: 2896, Time: 00:05:15

Health: -8/37      AC:  4    Str:  9    XL:     6   Next: 3%
Magic:  6/6        EV: 22    Int: 10    God:
Gold:   200        SH:  0    Dex: 26    Spells: 5/5 levels left

rFire   . . .        a - +1 shortbow
rCold   . . .        (shield currently unavailable)
rNeg    . . .        c - +1 leather armour
rPois   .            (no helmet)
rElec   .            (no cloak)
rCorr   .            (no gloves)
SInv    .            (no boots)
Will    .....        (no amulet)
Stlth   +++          d - +5 ring of evasion
HPRegen 0.26/turn    k - +6 ring of dexterity
MPRegen 0.10/turn

%: no passive effects
@: about to teleport
A: small, no large weapons, nightstalker 3
a: no special abilities


You were on level 4 of the Dungeon.
You visited 1 branch of the dungeon, and saw 4 of its levels.

You collected 200 gold pieces.

Inventory:

Hand Weapons
 a - a +1 shortbow (weapon)
Armour
 c - a +1 leather armour (worn)
Jewellery
 d - a +5 ring of evasion (left hand)
 i - a ring of wizardry
 k - a +6 ring of dexterity (right hand)
Wands
 u - a wand of mindburst (11)
Scrolls
 b - a scroll of immolation
 f - a scroll of identify
 g - a scroll of enchant armour
 l - a scroll of silence
 p - 2 scrolls of poison
Potions
 e - a potion of cancellation {unknown}
 h - a potion of curing
 j - 2 potions of ambrosia
 m - 2 potions of magic {unknown}
 o - 3 potions of haste
 t - 2 potions of might {unknown}
 w - a potion of brilliance {unknown}


   Skills:
 + Level 3.5 Fighting
 * Level 7.4 Ranged Weapons
 + Level 4.0 Dodging
 - Level 1.3 Stealth


You had 5 spell levels left.
You didn't know any spells.
Your spell library contained the following spells:

 Spells                   Type           Power      Damage    Failure   Level
 Summon Ice Beast         Ice/Summ       0%         N/A       99%         4
 Summon Mana Viper        Hex/Summ       0%         N/A       100%        5
 Monstrous Menagerie      Summ           0%         N/A       100%        7


Dungeon Overview and Level Annotations

Branches:
Dungeon (4/15)
 Temple: D:4-7

Altars:

Shops:
D:1 (   D:3 *

Annotations:
D:4 Blork the orc


Innate Abilities, Weirdness & Mutations

You are small and have problems with some larger weapons.
You are completely attuned to the shadows.


Message History

You open the door.
There is an open door here.
f - a scroll of identify A quokka comes into view.
A quokka is nearby!
You shoot an arrow. The arrow hits the quokka.
You kill the quokka!
No target in view!
Found a stone staircase leading up and a stone staircase leading down.
You see here a quokka corpse.
No target in view!
j - 3 potions of ambrosia (gained 1) Blork the orc comes into view.
He is wielding a +2 heavy long sword.
You shoot an arrow. The arrow hits Blork the orc.
Blork the orc shouts!
Blork the orc is lightly wounded.
Blork the orc drinks a potion.
Blork the orc flickers and vanishes!
Deactivating autopickup; reactivate with Ctrl-A.
Something hits you!
You shoot an arrow. You shoot an arrow. Something hits you!
You are too injured to fight recklessly!
You are too injured to fight recklessly!
You are confused.
You feel invigorated. Something barely misses you.
You shoot an arrow.
You hear some strange, mumbled words.
A magic dart appears from out of thin air!
The magic dart hits you.
You bump into the rock wall.
You feel less invigorated.
You feel less confused. Something hits you!
You shoot an arrow.
You are too injured to fight recklessly!
Okay, then.
As you read the scroll of teleportation, it crumbles to dust.
You feel strangely unstable. Something hits you!
* * * LOW HITPOINT WARNING * * *
Something hits you!
You die...

##...####.# #.#
#..### #.# #.#
#..... ..# #.#
#.#### ### #.#
#.##.## ####.#
#.#...######....#
#..#.#.##.......#
#.......†...<...#
#@.#.#.##.......##
#{#...###.........
#.##.## #>......##
#.##.####.......##
#.##..............
#######.#######
#.#######
#........
#########


There were no monsters in sight!

Vanquished Creatures
  Robin (D:3)
  10 adders
  2 worms
  2 dart slugs (D:2)
  5 orcs (D:4)
  2 bats (D:1)
  5 endoplasms
  A giant cockroach (D:2)
  12 hobgoblins
  3 quokkas
  5 ball pythons
  4 frilled lizards
  14 goblins
  6 kobolds
  7 rats
79 creatures vanquished.

Notes
Turn   | Place    | Note
-------+----------+-------------------------------------------
     0 | D:1      | Graphine the Kobold Hunter began the quest for the Orb.
     0 | D:1      | Reached XP level 1. HP: 12/12 MP: 1/1
    73 | D:1      | Found Miza's Antique Weapon Shop.
   149 | D:1      | Reached XP level 2. HP: 18/18 MP: 2/2
   509 | D:1      | Reached XP level 3. HP: 22/22 MP: 3/3
   675 | D:1      | Reached skill level 6 in Ranged Weapons
  1157 | D:2      | Found a faded altar of an unknown god.
  1398 | D:2      | Reached XP level 4. HP: 27/27 MP: 4/4
  1493 | D:2      | Reached XP level 5. HP: 32/32 MP: 5/5
  1587 | D:2      | Reached skill level 7 in Ranged Weapons
  2303 | D:3      | Found Intent's General Store.
  2500 | D:3      | Noticed Robin
  2509 | D:3      | Killed Robin
  2746 | D:4      | Reached XP level 6. HP: 35/37 MP: 6/6
  2886 | D:4      | Noticed Blork the orc
  2896 | D:4      | Mangled by Blork the orc

Illustrated notes

Levels and vault maps discovered:
D:1:      matt_arrival_grand_opening, layout_basic, serial_shops, shop,
          corner_web_ring
D:2:      layout_basic, hellmonk_ecumenical_altar_zigzags,
          hangedman_decor_peaks_small, minmay_snake_closets
D:3:      layout_basic, serial_shops, nicolae_shop_trees, uniq_robin
D:4:      layout_loops_ring, tgw_fedhas, mainiacjoe_overflow_surrounded_room,
          mainiacjoe_overflow_alcove_2, tgw_xom, uniq_menkaure,
          uniq_blork_the_orc, uniq_pikel

Skill      XL: |  1  2  3  4  5 |
---------------+----------------+-----
Ranged Weapons | 6 7 |  7.4
Dodging        | 3 4 |  4.0
Fighting       | 3 |  3.5
Stealth        | |  1.3

Action                     |  1- 3 |  4- 6 || total
---------------------------+-------+-------++-------
   Fire: Shortbow          |    90 |   113 ||   203
    Use: Scroll            |     4 |    10 ||    14
         Potion            |       |     1 ||     1
 Armour: Leather armour    |     3 |     6 ||     9
  Dodge: Dodged            |    31 |    66 ||    97
